 Dungeon Sprint DCSS version 0.14-a0-3445-g2afddda (webtiles) character file.

1600000 Froboctopus the Acrobat (level 13, -50/80 HPs)
             Began as a Spriggan Gladiator on Mar 23, 2014.
             Was a Follower of Makhleb.
             Annihilated by a meat berserker
             ... wielding a +9,+9 battleaxe
              (76 damage)
             ... in the Dungeon (Sprint VIII: "Arena of Blood").
             The game lasted 00:00:22 (16 turns).

Froboctopus the Acrobat (Spriggan Gladiator)          Turns: 16, Time: 00:00:22

HP -50/80        AC  3     Str 15      XL: 13   Next: 26%
MP  22/22        EV 37     Int  9      God: Makhleb [*.....]
Gold 0           SH  0     Dex 18      Spells:  0 memorised, 12 levels left

rFire  . . .     SeeInvis +     l - +∞ Axe of Woe
rCold  . . .     Clarity  .     b - +0 animal skin
rNeg   . . .     Conserve .     (shield restricted)
rPois  .         rCorr    .     c - +0 hat
rElec  .         rRot     .     (no cloak)
SustAb . .       Spirit   .     (gloves unavailable)
rMut   .         Warding  .     (boots unavailable)
Saprov . . .     NoTele   +     (no amulet)
MR     ++...                    (no ring)
                                (no ring)

@: very quick, very resistant to hostile enchantments, unstealthy
A: unfitting armour, see invisible, herbivore 3, speed 3, slow metabolism 2
a: Renounce Religion


You were in the Dungeon.
You worshipped Makhleb.
Makhleb was aware of your devotion.
You were not hungry.

You visited 1 branch

Inventory:

Hand weapons
 l - the +∞,+∞ Axe of Woe (weapon)
   (You found it in the Dungeon)
Missiles
 d - 3 throwing nets (quivered)
Armour
 b - a +0 animal skin (worn)
 c - a +0 hat (worn)
Scrolls
 k - a scroll of blinking
Potions
 e - a potion of porridge
 f - a potion of curing
 g - a potion of heal wounds
 h - a potion of haste
 i - 2 potions of magic
 j - a potion of berserk rage


   Skills:
 + Level 15.0 Fighting
 + Level 15.0 Axes
 - Level 2.1 Throwing
 + Level 13.8 Armour
 + Level 23.1 Dodging


You had 12 spell levels left.
You didn't know any spells.

Dungeon Overview and Level Annotations

Branches:
Dungeon (1/1)

Altars:
Makhleb


Innate Abilities, Weirdness & Mutations

You are tiny and cannot use many weapons and most armour.
You have supernaturally acute eyesight.
You are a herbivore.
You cover ground extremely quickly.
You need consume almost no food.


Message History

You have reached level 12!
Your experience leads to an increase in your attributes!
Increase (S)trength, (I)ntelligence, or (D)exterity?
You feel stronger.
You hit the bag of meat.
You fatally mangle the bag of meat.
You kill the bag of meat!
Makhleb accepts your kill.
Your Fighting skill gained 2 levels and is now at level 15!
Your Axes skill gained 2 levels and is now at level 15!
Your Armour skill increases to level 13!
Your Dodging skill gained 2 levels and is now at level 23!
You have reached level 13!
You hear a shout! x9
An orc and 2 ogres come into view.
Unknown command.
The bag of meat shouts!
You hear a shout!
You hear a shout!
You hear a shout!
You hear a shout!
The meat berserker hits you with a +9,+9 battleaxe!
Ouch! That really hurt!
You die...

#... ..# ..###...
..###.
......###......
........_......
..... #.....#
......#_.<._#
......#..O..#....
.#.....).oO.....O.
....o..O@###......
....###..)....###.
. #..o....#
#....o..#
....oC..O.
..........
........o
......... ...


You could see a large bag of meat (inner flame), 5 meat berserkers and 6 bags of
meat.

Vanquished Creatures
  3 orcs (D)
3 creatures vanquished.

Notes
Turn   | Place    | Note
--------------------------------------------------------------
     0 | D        | Froboctopus, the Spriggan Gladiator, began the quest for the Orb.
     0 | D        | Reached XP level 1. HP: 10/10 MP: 2/2
     2 | D        | Became a worshipper of Makhleb the Destroyer
     4 | D        | Noticed a bag of meat
     4 | D        | Noticed a bag of meat
     6 | D        | Noticed a bag of meat
     7 | D        | Noticed a bag of meat
    10 | D        | Noticed a meat berserker
    10 | D        | Noticed a bag of meat
    13 | D        | Noticed a meat berserker
    13 | D        | Noticed a bag of meat
    13 | D        | Noticed a bag of meat
    13 | D        | Noticed a bag of meat
    13 | D        | Noticed a large bag of meat
    14 | D        | Killed a bag of meat
    14 | D        | Reached skill level 12 in Fighting
    14 | D        | Reached skill level 19 in Dodging
    14 | D        | Reached XP level 2. HP: 12/26 MP: 4/4
    14 | D        | Reached XP level 3. HP: 13/30 MP: 6/6
    14 | D        | Reached XP level 4. HP: 15/35 MP: 8/8
    14 | D        | Reached XP level 5. HP: 16/39 MP: 10/10
    14 | D        | Reached XP level 6. HP: 18/44 MP: 12/12
    14 | D        | Reached XP level 7. HP: 20/49 MP: 14/14
    14 | D        | Reached XP level 8. HP: 21/53 MP: 16/16
    14 | D        | Reached XP level 9. HP: 22/57 MP: 18/18
    14 | D        | Reached XP level 10. HP: 23/62 MP: 19/19
    14 | D        | Reached XP level 11. HP: 24/66 MP: 20/20
    15 | D        | Noticed a bag of meat
    15 | D        | Noticed a meat berserker
    15 | D        | Killed a bag of meat
    15 | D        | Acquired Makhleb's first power
    15 | D        | Reached skill level 21 in Dodging
    15 | D        | Reached XP level 12. HP: 25/74 MP: 21/21
    15 | D        | Killed a bag of meat
    15 | D        | Reached skill level 15 in Fighting
    15 | D        | Reached skill level 15 in Axes
    15 | D        | Reached skill level 23 in Dodging
    15 | D        | Reached XP level 13. HP: 26/80 MP: 22/22
    16 | D        | Noticed a meat berserker
    16 | D        | Noticed a meat berserker
    16 | D        | Noticed a bag of meat
    16 | D        | Annihilated by a meat berserker

Action                   |  1- 3 |  4- 6 |  7- 9 | 10-12 | 13-15 || total
-------------------------+-------+-------+-------+-------+-------++-------
Melee: Broad axe         |     1 |       |       |     1 |       ||     2
